 Dungeon Crawl Stone Soup version 0.28.0-43-g3370ac3207 (webtiles) character file.

Game seed: 2184570180008721360

105 Dvallin the Chopper (level 4, -2/39 HPs)
             Began as a Hill Orc Fighter on Apr 2, 2022.
             Was a Follower of Cheibriados.
             Succumbed to a goblin's poison
             ... on level 3 of the Dungeon.
             The game lasted 00:02:25 (2358 turns).

Dvallin the Chopper (Hill Orc Fighter)              Turns: 2358, Time: 00:02:26

Health: -2/39      AC:  8    Str: 23    XL:     4   Next: 83%
Magic:  4/4        EV:  9    Int: 11    God:    Cheibriados [*.....]
Gold:   97         SH:  4    Dex: 13    Spells: 3/3 levels left

rFire   . . .      SeeInvis .   a - +0 war axe
rCold   . . .      Faith    .   c - +0 buckler
rNeg    . . .      Spirit   .   b - +0 scale mail
rPois   .          Reflect  .   (no helmet)
rElec   .          Harm     .   (no cloak)
rCorr   .          Rampage  .   f - +0 pair of gloves
Will    .....                   (no boots)
Stlth   ..........              (no amulet)
HPRegen 0.13/turn               (no ring)
MPRegen 0.09/turn               (no ring)

@: brilliant, lethally poisoned (-2 -> -28), flying, very slow
A: no striking features
a: Renounce Religion, Bend Time


You were on level 3 of the Dungeon.
You worshipped Cheibriados.
Cheibriados was aware of your devotion.
You visited 1 branch of the dungeon, and saw 3 of its levels.

You collected 97 gold pieces.

Inventory:

Hand Weapons
 a - a +0 war axe (weapon)
Armour
 b - a +0 scale mail (worn)
 c - a +0 buckler (worn)
 f - a +0 pair of gloves (worn)
Jewellery
 n - a +4 ring of evasion
Scrolls
 g - a scroll of amnesia {unknown}
 h - 4 scrolls of teleportation {unknown}
 k - a scroll of identify {unknown}
 l - a scroll of silence {unknown}
 m - a scroll of torment {unknown}
Potions
 d - a potion of might
 o - a potion of curing {unknown}


   Skills:
 - Level 3.6 Fighting
 + Level 6.4 Axes
 - Level 3.2 Armour
 - Level 3.2 Shields


You had 3 spell levels left.
You didn't know any spells.
Your spell library was empty.

Dungeon Overview and Level Annotations

Branches:
Dungeon (3/15)

Altars:
Cheibriados
Nemelex Xobeh
Trog
Wu Jian

Shops:
D:1 !


Message History

You miss the adder. You hit the goblin.
You feel sick. The adder bites you.
You are more poisoned.
The adder poisons you! The goblin barely misses you.
You block the adder's attack.
You barely miss the goblin.
The goblin is severely wounded.
You miss the adder.
You feel very sick. You block the adder's attack.
The goblin hits you but does no damage.
You are lethally poisoned!
The adder barely misses you.
The goblin hits you with a +0 dagger of venom.
You closely miss the goblin.
The goblin is moderately wounded.
You hit the adder.
You feel very sick. The adder bites you but does no damage.
The goblin hits you with a +0 dagger of venom.
You are more poisoned.
You closely miss the goblin.
The goblin is moderately wounded.
You closely miss the adder.
* * * LOW HITPOINT WARNING * * *
You feel very sick. The adder barely misses you.
The goblin hits you but does no damage.
You are more poisoned.
You block the adder's attack.
It was a potion of magic.
Magic courses through your body.
* * * LOW HITPOINT WARNING * * *
You feel very sick. You block the adder's attack.
The goblin hits you but does no damage.
It was a potion of brilliance.
You feel clever all of a sudden.
* * * LOW HITPOINT WARNING * * *
You feel very sick. The adder bites you but does no damage.
You block the goblin's attack.
It was a potion of flight.
You feel very buoyant.
You fly up into the air.
You die...

#......8.#.#.#.#.###..
#.....(..........8##..
#.............^..###..
#.....#8.#.#.#.#.# #..
#.....####.###.#_# ##.
#.....# ### ########.
#.....# ........
#.....# ##..###.
#....@# # #. #...Sg#
#. #.....# #.
#.......# #. #.......#
#. #......## #.
#...... ..... #......
...#. ##.#.


You could see an adder and a goblin.

Vanquished Creatures
  Terence (D:2)
  3 adders
  A worm (D:3)
  3 dart slugs
  3 bats
  4 endoplasms
  4 giant cockroaches
  A goblin (D:3)
  7 hobgoblins
  4 kobolds (D:1)
  A quokka (D:2)
  3 ball pythons (D:1)
  4 frilled lizards
  4 rats
43 creatures vanquished.

Notes
Turn   | Place    | Note
-------+----------+-------------------------------------------
     0 | D:1      | Dvallin the Hill Orc Fighter began the quest for the Orb.
     0 | D:1      | Reached XP level 1. HP: 19/19 MP: 1/1
   171 | D:1      | Reached skill level 3 in Axes
   174 | D:1      | Found a snail-covered altar of Cheibriados.
   193 | D:1      | Reached XP level 2. HP: 21/26 MP: 2/2
   194 | D:1      | Became a worshipper of Cheibriados the Contemplative
   357 | D:1      | Reached skill level 4 in Axes
   418 | D:1      | Found Punn's Distillery.
  1020 | D:2      | Noticed Terence
  1027 | D:2      | Reached XP level 3. HP: 25/31 MP: 3/3
  1035 | D:2      | Killed Terence
  1036 | D:2      | Reached skill level 5 in Axes
  1280 | D:2      | Found an ornate altar of the Wu Jian Council.
  1301 | D:2      | Reached * piety under Cheibriados
  1368 | D:2      | Reached XP level 4. HP: 39/39 MP: 4/4
  1389 | D:2      | Found a faded altar of an unknown god.
  1812 | D:2      | Reached skill level 6 in Axes
  2195 | D:3      | Found a snail-covered altar of Cheibriados.
  2327 | D:3      | Found a bloodstained altar of Trog.
  2332 | D:3      | Found a sparkling altar of Nemelex Xobeh.
  2358 | D:3      | Succumbed to a goblin's poison

Illustrated notes

Levels and vault maps discovered:
D:1:      minmay_arrival_hallway, layout_basic, serial_shops,
          nicolae_shop_behind_doors, minmay_hexomino_r4
D:2:      layout_basic, basic_altar, ebering_ecumenical_altar_petrified,
          uniq_terence
D:3:      layout_basic, kennysheep_slug_shrine, minitemple

Skill      XL: |  1  2  3  4 |
---------------+-------------+-----
Axes           | 3 4 5 6 |  6.4
Fighting       | |  3.6
Armour         | |  3.2
Shields        | |  3.2

Action                   |  1- 3 |  4- 6 || total
-------------------------+-------+-------++-------
Melee: War axe           |    63 |    64 ||   127
  Use: Potion            |       |     3 ||     3
Armor: Scale mail        |    26 |    35 ||    61
Dodge: Dodged            |    26 |    39 ||    65
Block: Buckler           |     9 |    12 ||    21
